AoeStats
← Mojojoto

MegaRandom

507784573Analyzed
3v3 RM · 11d ago on Sep 19, 2026· 13m 49s· 6 players
Game mode
Random Map
Map size
Normal (6 player)
Population
200
Speed
Normal
Resources
Standard
Victory
Conquest
Starting age
Dark Age
Ending age
Imperial Age
RankedLock teamsTeams togetherTeam positionsShared explorationLock speedFull tech treeHidden civsTurbo modeCheats
Victory
Defeat
🇵🇹 Teutons · Portugal
1083
+13
🇷🇴 Poles · Romania
1055
+15
🇻🇪 Jurchens · Venezuela
1008
+16
🇹🇼 Cumans · Taiwan
1035
-38
🇹🇼 Tupi · Taiwan
1033
-15
🇹🇼 Japanese · Taiwan
1003
-14
Willy
10:50 Feudal Age
Kuro
0:37 Loom
13:12 Feudal Age
13:39 Horse Collar
Icewond
0:49 Loom
10:29 Feudal Age
14:18 Castle Age
13:02 Double-Bit Axe
13:57 Horse Collar
Nielu256
0:35 Loom
11:56 Feudal Age
12:47 Horse Collar
13:02 Double-Bit Axe
twitch.tv/madzeragaming
0:29 Loom
8:33 Feudal Age
9:35 Double-Bit Axe
10:10 Town Watch
12:53 Wheelbarrow
11:59 Horse Collar
13:35 Forging
Mojojoto
0:36 Loom
9:37 Feudal Age
10:31 Horse Collar
13:30 Wheelbarrow
13:16 Bloodlines
Connection lost

Rejoining the realm…

Still unreachable

The connection could not be restored.

Session expired

The server has moved on; the page needs a fresh start.